MLB
WASHINGTON NATIONALS @ ATLANTA BRAVES
09/22/2020
 
TOP OF THE 1ST
Washington Nationals batting - Pitching for Atlanta Braves : RHP Kevin Gausman
Pitching: RHP Kevin Gausman
Batting: LHB Andrew Benintendi 0-0: Ground out U3 (Groundball, 3, EV 91.3 MPH)
Batting: RHB Adeiny Hechavarria 0-0: Ground out 4-3 (Groundball, 4, EV 102.5 MPH)
Batting: RHB Chris Taylor 0-0: Called Strike
0-1: Ball
1-1: Ball
2-1: Foul Ball, location: 2F
2-2: DOUBLE (Flyball, 78D, EV 93.8 MPH)
Batting: LHB Jackie Bradley Jr. 0-0: Called Strike
0-1: Foul Ball, location: 2F
0-2: Hit by Pitch
Batting: RHB Evan Longoria 0-0: Called Strike
0-1: Called Strike
0-2: Ball
1-2: Ball
Wild Pitch!
Chris Taylor to third
Jackie Bradley Jr. to second
2-2: Ball
3-2: Fly out, F6 (Flyball, 56D, EV 90.0 MPH)
Top of the 1st over - 0 runs, 1 hit, 0 errors, 2 left on base; Washington 0 - Atlanta 0
BOTTOM OF THE 1ST
Atlanta Braves batting - Pitching for Washington Nationals : RHP Dustin May
Pitching: RHP Dustin May
Batting: LHB Luis Arraez 0-0: Ball
1-0: Called Strike
1-1: Fly out, F3 (Popup, 34, EV 55.0 MPH)
Batting: RHB Ronald Acuna Jr. 0-0: Called Strike
0-1: Called Strike
0-2: Foul Ball, location: 2F
0-2: Foul Ball, location: 2F
0-2: Ball
1-2: Ball
2-2: Foul Ball, location: 2F
2-2: Ball
3-2: Fly out, F8 (Flyball, 89D, EV 106.9 MPH)
Batting: LHB Freddie Freeman 0-0: Called Strike
0-1: Ball
1-1: SINGLE (Line Drive, 9S, EV 100.6 MPH)
Batting: RHB Vladimir Guerrero Jr. 0-0: Called Strike
0-1: Foul Ball, location: 2F
0-2: Strikes out swinging
Bottom of the 1st over - 0 runs, 1 hit, 0 errors, 1 left on base; Washington 0 - Atlanta 0
TOP OF THE 2ND
Washington Nationals batting - Pitching for Atlanta Braves : RHP Kevin Gausman
Batting: RHB Stephen Piscotty 0-0: Ball
1-0: SINGLE (Line Drive, 7LM, EV 105.0 MPH)
Batting: RHB Tyler White 0-0: Ball
Pickoff Throw to First - Out! 1-3
1-0: Ball
2-0: Ball
3-0: Called Strike
3-1: Called Strike
3-2: Ground out 2-3 (Groundball, 2L, EV 68.8 MPH)
Batting: RHB Austin Barnes 0-0: Foul Ball, location: 2F
0-1: Ground out 4-3 (Groundball, 4, EV 103.8 MPH)
Top of the 2nd over - 0 runs, 1 hit, 0 errors, 0 left on base; Washington 0 - Atlanta 0
BOTTOM OF THE 2ND
Atlanta Braves batting - Pitching for Washington Nationals : RHP Dustin May
Batting: LHB Corey Seager 0-0: Ball
1-0: SINGLE (Groundball, 34S, EV 65.0 MPH) (infield hit)
Batting: LHB Yordan Alvarez 0-0: DOUBLE (Line Drive, 8RXD, EV 98.8 MPH)
Corey Seager to third
Batting: LHB Brock Holt 0-0: Ball
1-0: Ball
2-0: Called Strike
2-1: Foul Ball, location: 2F
2-2: Foul Ball, location: 2F
2-2: Foul Ball, location: 2F
2-2: Ground out 5-3 (Groundball, 5, EV 85.6 MPH)
Batting: RHB Jorge Alfaro 0-0: Fly out, F8 (Flyball, 89D, EV 88.1 MPH)
Runner from 3rd tags up, OUT at HOME! 8-2
Bottom of the 2nd over - 0 runs, 2 hits, 0 errors, 1 left on base; Washington 0 - Atlanta 0
TOP OF THE 3RD
Washington Nationals batting - Pitching for Atlanta Braves : RHP Kevin Gausman
Batting: RHB Dustin May 0-0: Fly out, F8 (Flyball, 78S, EV 83.1 MPH)
Batting: LHB Andrew Benintendi 0-0: DOUBLE (Line Drive, 9LD, EV 105.6 MPH)
Batting: RHB Adeiny Hechavarria 0-0: Called Strike
0-1: Ground out 6-3 (Groundball, 56, EV 85.0 MPH)
Batting: RHB Chris Taylor 0-0: Called Strike
0-1: Ball
1-1: Foul Ball, location: 2F
1-2: Ball
2-2: Ground out 6-3 (Groundball, 56D, EV 106.3 MPH)
Top of the 3rd over - 0 runs, 1 hit, 0 errors, 1 left on base; Washington 0 - Atlanta 0
BOTTOM OF THE 3RD
Atlanta Braves batting - Pitching for Washington Nationals : RHP Dustin May
Batting: LHB Kevin Gausman 0-0: Ball
1-0: Called Strike
1-1: Ball
2-1: Called Strike
2-2: Foul Ball, location: 2F
2-2: Ball
3-2: Foul Ball, location: 2F
3-2: Foul Ball, location: 2F
3-2: Strikes out swinging
Batting: LHB Luis Arraez 0-0: Ball
1-0: Ball
2-0: Foul Ball, location: 2F
2-1: Ball
3-1: DOUBLE (Line Drive, 8LD, EV 110.0 MPH)
Batting: RHB Ronald Acuna Jr. 0-0: Called Strike
0-1: Called Strike
0-2: Strikes out swinging
Batting: LHB Freddie Freeman 0-0: Ball
1-0: Called Strike
1-1: Swinging Strike
1-2: Ball
2-2: Foul Ball, location: 2F
2-2: Fly out, F9 (Flyball, 9D, EV 98.8 MPH)
Bottom of the 3rd over - 0 runs, 1 hit, 0 errors, 1 left on base; Washington 0 - Atlanta 0
TOP OF THE 4TH
Washington Nationals batting - Pitching for Atlanta Braves : RHP Kevin Gausman
Batting: LHB Jackie Bradley Jr. 0-0: Ball
1-0: Ball
2-0: Foul Ball, location: 2F
2-1: Foul Ball, location: 2F
2-2: SINGLE (Line Drive, 78M, EV 89.4 MPH)
Batting: RHB Evan Longoria 0-0: Foul Ball, location: 2F
0-1: 2-RUN HOME RUN (Flyball, 7LD, EV 109.4 MPH), Distance : 362 ft
Batting: RHB Stephen Piscotty 0-0: Ball
1-0: Called Strike
1-1: Fly out, F9 (Flyball, 89D, EV 93.1 MPH)
Batting: RHB Tyler White 0-0: Hit by Pitch
Batting: RHB Austin Barnes 0-0: Called Strike
0-1: Ball
1-1: Foul Ball, location: 2F
1-2: Ball
2-2: Ground out 6-3 (Groundball, P, EV 81.3 MPH)
Tyler White to second
Batting: RHB Dustin May 0-0: Fly out, F6 (Line Drive, 6, EV 72.5 MPH)
Top of the 4th over - 2 runs, 2 hits, 0 errors, 1 left on base; Washington 2 - Atlanta 0
BOTTOM OF THE 4TH
Atlanta Braves batting - Pitching for Washington Nationals : RHP Dustin May
Batting: RHB Vladimir Guerrero Jr. 0-0: Fly out, F8 (Flyball, 8LM, EV 85.0 MPH)
Batting: LHB Corey Seager 0-0: Called Strike
0-1: Ball
1-1: Ground out U3 (Groundball, 3, EV 103.1 MPH)
Batting: LHB Yordan Alvarez 0-0: Ball
1-0: Foul Ball, location: 2F
1-1: Ball
2-1: Foul Ball, location: 2F
2-2: Ball
3-2: SOLO HOME RUN (Flyball, 89XD, EV 91.3 MPH), Distance : 407 ft
Batting: LHB Brock Holt 0-0: Called Strike
0-1: Ball
1-1: Ball
2-1: Foul Ball, location: 2F
2-2: Foul Ball, location: 2F
2-2: Ground out 5-3 (Groundball, 15, EV 81.9 MPH)
Bottom of the 4th over - 1 run, 1 hit, 0 errors, 0 left on base; Washington 2 - Atlanta 1
TOP OF THE 5TH
Washington Nationals batting - Pitching for Atlanta Braves : RHP Kevin Gausman
Batting: LHB Andrew Benintendi 0-0: Ball
1-0: Bunt for hit to 15 - play at first, batter OUT! 1-3
Batting: RHB Adeiny Hechavarria 0-0: Called Strike
0-1: Ball
1-1: Ball
2-1: Called Strike
2-2: Foul Ball, location: 2F
2-2: Ball
3-2: Foul Ball, location: 2F
3-2: Foul Ball, location: 2F
3-2: Foul Ball, location: 2F
3-2: Ground out U3 (Groundball, 34S, EV 76.9 MPH)
Batting: RHB Chris Taylor 0-0: Foul Ball, location: 2F
0-1: Ball
1-1: Called Strike
1-2: Ball
2-2: Foul Ball, location: 2F
2-2: Ball
3-2: Foul Ball, location: 2F
3-2: Fly out, F9 (Line Drive, 9, EV 98.8 MPH)
Top of the 5th over - 0 runs, 0 hits, 0 errors, 0 left on base; Washington 2 - Atlanta 1
BOTTOM OF THE 5TH
Atlanta Braves batting - Pitching for Washington Nationals : RHP Dustin May
Batting: RHB Jorge Alfaro 0-0: Called Strike
0-1: Swinging Strike
0-2: Hit by Pitch
Batting: LHB Kevin Gausman 0-0: Sac Bunt to 23 - play at first, batter OUT! 3-4
Jorge Alfaro to second
Pitching: RHP Nate Jones
Batting: LHB Luis Arraez 0-0: Ball
1-0: Called Strike
1-1: Ball
2-1: Foul Ball, location: 2F
2-2: Hit by Pitch
Batting: RHB Ronald Acuna Jr. 0-0: Called Strike
0-1: Called Strike
0-2: Ball
1-2: Foul Ball, location: 2F
1-2: Ball
2-2: Ground out 5-3 (Groundball, 15, EV 78.1 MPH)
Jorge Alfaro to third
Luis Arraez to second
Batting: LHB Freddie Freeman 0-0: Ball
Wild Pitch!
Jorge Alfaro scores
Luis Arraez to third
1-0: Called Strike
1-1: Foul Ball, location: 2F
1-2: Ball
2-2: Foul Ball, location: 2F
2-2: Ball
Wild Pitch!
Luis Arraez scores
3-2: Base on Balls
Pitching: RHP Miguel Romero
Batting: RHB Vladimir Guerrero Jr. 0-0: Called Strike
0-1: Ball
1-1: Ball
2-1: Ball
3-1: Called Strike
3-2: Fly out, F9 (Line Drive, 9, EV 88.8 MPH)
Bottom of the 5th over - 2 runs, 0 hits, 0 errors, 1 left on base; Washington 2 - Atlanta 3
TOP OF THE 6TH
Washington Nationals batting - Pitching for Atlanta Braves : RHP Kevin Gausman
Batting: LHB Jackie Bradley Jr. 0-0: Swinging Strike
0-1: Swinging Strike
0-2: Ball
1-2: Strikes out swinging
Batting: RHB Evan Longoria 0-0: Fly out, F7 (Flyball, 7S, EV 93.8 MPH)
Batting: RHB Stephen Piscotty 0-0: Fly out, F7 (Flyball, 7D, EV 100.6 MPH)
Top of the 6th over - 0 runs, 0 hits, 0 errors, 0 left on base; Washington 2 - Atlanta 3
BOTTOM OF THE 6TH
Atlanta Braves batting - Pitching for Washington Nationals : RHP Miguel Romero
Batting: LHB Corey Seager 0-0: Foul Ball, location: 2F
0-1: Ball
1-1: Ball
2-1: Ball
3-1: Base on Balls
Batting: LHB Yordan Alvarez 0-0: Called Strike
0-1: Foul Ball, location: 2F
0-2: Foul Ball, location: 2F
0-2: Ball
1-2: Ball
2-2: Ball
3-2: Foul Ball, location: 2F
3-2: Base on Balls
Corey Seager to second
Pitching: LHP Steve Hathaway
Batting: LHB Brock Holt 0-0: Called Strike
0-1: Ball
1-1: Ball
2-1: Called Strike
2-2: Ball
3-2: Foul Ball, location: 2F
3-2: Base on Balls
Corey Seager to third
Yordan Alvarez to second
Batting: RHB Jorge Alfaro 0-0: Grounds into fielders choice 6-2 (Groundball, 56S, EV 62.5 MPH)
Yordan Alvarez to third
Brock Holt to second
Batting: LHB Kevin Gausman 0-0: Foul Ball, location: 2F
0-1: Ball
1-1: Ball
2-1: Foul Ball, location: 2F
2-2: Strikes out swinging
Batting: LHB Luis Arraez 0-0: Ball
1-0: Foul Ball, location: 2F
1-1: Ball
Passed Ball!
Yordan Alvarez scores
Brock Holt to third
Jorge Alfaro to second
2-1: Swinging Strike
2-2: Ground out 5-3 (Groundball, 5, EV 83.8 MPH)
Bottom of the 6th over - 1 run, 0 hits, 0 errors, 2 left on base; Washington 2 - Atlanta 4
TOP OF THE 7TH
Washington Nationals batting - Pitching for Atlanta Braves : RHP Kevin Gausman
Batting: RHB Tyler White 0-0: Ball
1-0: Ball
2-0: Foul Ball, location: 2F
2-1: Ground out 6-3 (Groundball, 6M, EV 105.0 MPH)
Batting: RHB Austin Barnes 0-0: Swinging Strike
0-1: Ball
1-1: Ball
2-1: Foul Ball, location: 2F
2-2: Fly out, F9 (Flyball, 9LM, EV 90.6 MPH)
Batting: LHB Steve Hathaway 0-0: Ball
1-0: Foul Ball, location: 2F
1-1: Swinging Strike
1-2: Ball
2-2: Strikes out swinging
Top of the 7th over - 0 runs, 0 hits, 0 errors, 0 left on base; Washington 2 - Atlanta 4
BOTTOM OF THE 7TH
Atlanta Braves batting - Pitching for Washington Nationals : LHP Steve Hathaway
Pitching: LHP Adam Morgan
Batting: RHB Ronald Acuna Jr. 0-0: SINGLE (Groundball, 5S, EV 61.9 MPH) (infield hit)
Batting: LHB Freddie Freeman 0-0: Ball
1-0: Ball
2-0: Ball
3-0: Called Strike
3-1: Foul Ball, location: 2F
3-2: SINGLE (Groundball, 34D, EV 100.6 MPH)
Ronald Acuna Jr. to second
Ronald Acuna Jr. to third
Batting: RHB Vladimir Guerrero Jr. 0-0: Called Strike
0-1: 3-RUN HOME RUN (Flyball, 78XD, EV 108.1 MPH), Distance : 447 ft
Batting: LHB Corey Seager 0-0: Ball
1-0: Foul Ball, location: 2F
1-1: Foul Ball, location: 2F
1-2: Foul Ball, location: 2F
1-2: Ball
2-2: Ball
3-2: Base on Balls
Batting: LHB Yordan Alvarez 0-0: Ball
1-0: Called Strike
1-1: Foul Ball, location: 2F
1-2: DOUBLE (Line Drive, 9LS, EV 104.4 MPH)
Corey Seager to third
Pitching: RHP Kyle Crick
Batting: LHB Brock Holt 0-0: Ball
1-0: Ball
2-0: Ball
3-0: Base on Balls
Batting: RHB Jorge Alfaro 0-0: Foul Ball, location: 2F
0-1: Fly out, F9 (Flyball, 89S, EV 95.0 MPH)
Pinch Hitting: RHB Yasiel Puig 0-0: Ball
1-0: Ball
2-0: Called Strike
2-1: Foul Ball, location: 2F
2-2: DOUBLE (Flyball, 8LXD, EV 105.0 MPH)
Corey Seager scores
Yordan Alvarez scores
Brock Holt to third
Runner from 3rd tries for Home, SAFE, no throw by CF
Batting: LHB Luis Arraez 0-0: Ball
1-0: Ball
2-0: Ball
3-0: Called Strike
3-1: Foul Ball, location: 2F
3-2: Base on Balls
Batting: RHB Ronald Acuna Jr. 0-0: Foul Ball, location: 2F
0-1: Foul Ball, location: 2F
0-2: Ball
1-2: Hit by Pitch
Yasiel Puig to third
Luis Arraez to second
Pinch Hitting: RHB Alex Jackson 0-0: DOUBLE (Line Drive, 7LD, EV 97.5 MPH)
Yasiel Puig scores
Luis Arraez scores
Ronald Acuna Jr. to third
Pitching: RHP Brandon Woodruff
Batting: RHB Vladimir Guerrero Jr. 0-0: Ball
1-0: Fly out, F8 (Flyball, 8RM, EV 73.1 MPH)
Runner from 3rd tags up, SCORES, throw by CF
Batting: LHB Corey Seager 0-0: Ball
1-0: Fly out, F9 (Flyball, 89D, EV 94.4 MPH)
Bottom of the 7th over - 9 runs, 6 hits, 0 errors, 1 left on base; Washington 2 - Atlanta 13
TOP OF THE 8TH
Washington Nationals batting - Pitching for Atlanta Braves : RHP Kevin Gausman
Pitching: RHP Adam Plutko
Now at 1B: Kevin Cron
Batting: LHB Andrew Benintendi 0-0: Ball
1-0: Called Strike
1-1: Called Strike
1-2: Ball
2-2: Foul Ball, location: 2F
2-2: Fly out, F7 (Flyball, 78D, EV 100.0 MPH)
Batting: RHB Adeiny Hechavarria 0-0: Called Strike
0-1: Ball
1-1: Ball
2-1: Ball
3-1: Fly out, F9 (Flyball, 9LS, EV 93.1 MPH)
Batting: RHB Chris Taylor 0-0: Called Strike
0-1: Ball
1-1: SINGLE (Flyball, 8RS, EV 95.0 MPH)
Batting: LHB Jackie Bradley Jr. 0-0: Ball
1-0: Called Strike
1-1: Ball
2-1: Foul Ball, location: 2F
2-2: Strikes out swinging, 2-3 out at first.
Top of the 8th over - 0 runs, 1 hit, 0 errors, 1 left on base; Washington 2 - Atlanta 13
BOTTOM OF THE 8TH
Atlanta Braves batting - Pitching for Washington Nationals : RHP Brandon Woodruff
Batting: LHB Yordan Alvarez 0-0: Called Strike
0-1: Ball
1-1: Ball
2-1: Ball
3-1: Base on Balls
Batting: LHB Brock Holt 0-0: Called Strike
0-1: Foul Ball, location: 2F
0-2: DOUBLE (Line Drive, 78D, EV 103.8 MPH)
Yordan Alvarez to third
Batting: RHB Jorge Alfaro 0-0: Called Strike
0-1: Called Strike
0-2: Foul Ball, location: 2F
0-2: Ball
1-2: Strikes out swinging
Batting: RHB Kevin Cron 0-0: Called Strike
0-1: Ball
1-1: Ball
2-1: Ball
3-1: Base on Balls
Batting: LHB Luis Arraez 0-0: Ball
1-0: Called Strike
1-1: Foul Ball, location: 2F
1-2: Ball
2-2: Foul Ball, location: 2F
2-2: Grounds into double play, 4-6-3 (Groundball, 4, EV 84.4 MPH)
Bottom of the 8th over - 0 runs, 1 hit, 0 errors, 2 left on base; Washington 2 - Atlanta 13
TOP OF THE 9TH
Washington Nationals batting - Pitching for Atlanta Braves : RHP Adam Plutko
Batting: RHB Evan Longoria 0-0: Called Strike
0-1: Swinging Strike
0-2: Strikes out swinging
Pinch Hitting: LHB Matt Beaty 0-0: Called Strike
0-1: Swinging Strike
0-2: Ball
1-2: DOUBLE (Line Drive, 5D, EV 108.1 MPH)
Batting: RHB Tyler White 0-0: Ball
1-0: 2-RUN HOME RUN (Line Drive, 7D, EV 102.5 MPH), Distance : 396 ft
Batting: RHB Austin Barnes 0-0: Called Strike
0-1: Ball
1-1: SINGLE (Line Drive, 78S, EV 96.3 MPH)
Pinch Hitting: SHB Jed Lowrie 0-0: SINGLE (Line Drive, 89M, EV 97.5 MPH)
Austin Barnes to second
Batting: LHB Andrew Benintendi 0-0: Ball
1-0: SINGLE (Groundball, 34D, EV 96.3 MPH)
Austin Barnes to third
Jed Lowrie to second
Batting: RHB Adeiny Hechavarria 0-0: Ball
1-0: Fly out, F7 (Flyball, 7, EV 90.0 MPH)
Runner from 3rd tags up, SCORES, no throw by LF
Batting: RHB Chris Taylor 0-0: Ball
1-0: Foul Ball, location: 2F
1-1: Ball
2-1: Ball
3-1: Swinging Strike
3-2: Strikes out swinging
Top of the 9th over - 3 runs, 5 hits, 0 errors, 2 left on base; Washington 5 - Atlanta 13
Monday, November 30th, 2020 - OOTP Baseball 21.6 Build 83